Unix NetHack Version 5.0.0-0 post-release - last build Jul 19 2026 19:10:59 (3aa4ab31751d3886436d94b585a96704892fd477,branch:main).

Game began 2026-07-19 22:18:51, ended 2026-07-19 22:27:02.

IanCurtis, chaotic male elven Wizard

                                ...
                               .....
                              ......
                             .......
                            -......  G
                           -......
                        h ....Gf.
                          .......
                         ..h....
                        ..@...
                       -....
                       .<..
                       ...

IanCurtis the Conjurer    St:10 Dx:11 Co:16 In:19 Wi:13 Ch:11  Chaotic
Dlvl:4  $:322 HP:0(24) Pw:8(23) AC:9  Xp:3 T:1324 

Latest messages:
 You kill the gecko!
 Welcome to experience level 3.
 You see here 5 gold pieces.
 $ - 5 gold pieces (322 in total).
 Something is written here in the dust.
 You read: "Closed for inventory".
 What do you want to call this dungeon level? closed shop
 You swap places with your kitten.
 A grid bug suddenly appears close by!
 You hear a jackal howling at the moon.
 You hear some noises in the distance.
 You stop.  Your kitten is in the way!
 You descend the stairs.
 A board beneath the dwarf squeaks a G sharp loudly.
 The dwarf wields a dagger!
 The gnome lord wields a bow!
 In what direction? u
 The spell hits the dwarf!
 You kill the dwarf!
 The spell misses the dwarf king.
 A board beneath the gnome squeaks a G sharp loudly.
 The gnome picks up a pair of hard shoes.
 In what direction? u
 The spell hits the gnome!
 You kill the gnome!
 The spell hits the dwarf king!
 The dwarf king wields a pick-axe!
 The kitten bites the gnome lord.
 The kitten bites the gnome lord.
 The gnome lord swings his bow at the kitten.
 The gnome lord misses the kitten.
 The dwarf king swings his pick-axe.
 The dwarf king hits!
 The dwarf king swings his pick-axe.
 The dwarf king hits again!
 The kitten misses the gnome lord.
 The kitten misses the gnome lord.
 The kitten bites the gnome lord.
 The gnome lord swings his bow at the kitten.
 The gnome lord hits the kitten.
 A board beneath the gnome lord squeaks a G sharp loudly.
 The gnome lord picks up a pair of hard shoes.
 In what direction? .
 You feel better.
 The dwarf king swings his pick-axe.
 The dwarf king hits!
 The dwarf king swings his pick-axe.
 The dwarf king hits again!
 You die...
 Do you want your possessions identified? [ynq] (y) q

Inventory:
 Coins    ('$')
  $ - 322 gold pieces
 Weapons  (')')
  a - a blessed +1 quarterstaff (weapon in hands)
 Armor    ('[')
  b - an uncursed +0 cloak of magic resistance (being worn)
 Comestibles  ('%')
  E - an uncursed food ration
  D - an uncursed lembas wafer
 Scrolls  ('?')
  w - an uncursed scroll of confuse monster
  t - an uncursed scroll of enchant weapon
  i - 2 uncursed scrolls of identify
  j - 2 uncursed scrolls of teleportation
 Spellbooks  ('+')
  v - an uncursed spellbook of create monster
  x - an uncursed spellbook of detect monsters
  A - an uncursed spellbook of drain life
  k - a blessed spellbook of force bolt
  y - an uncursed spellbook of healing
  l - an uncursed spellbook of slow monster
  q - an uncursed spellbook of wizard lock
 Potions  ('!')
  h - 2 uncursed potions of healing
  F - an uncursed potion of monster detection
  f - an uncursed potion of oil
  g - 2 uncursed potions of speed
 Rings    ('=')
  d - an uncursed ring of poison resistance
  e - an uncursed ring of polymorph control
  u - an uncursed ring of sustain ability
 Wands    ('/')
  c - a wand of light (0:14)
  G - a wand of teleportation (0:5)
 Tools    ('(')
  o - an uncursed wooden harp
  n - an uncursed blindfold
  m - a magic marker (0:22)

IanCurtis the Wizard's attributes:

Background:
 You were a Conjurer, a level 3 male elven Wizard.
 You were chaotic, on a mission for Anhur
 who was opposed by Ptah (lawful) and Thoth (neutral).
 You were right-handed.
 You were in the Gnomish Mines, on level 4.
 You entered the dungeon 1324 turns ago.
 It was nighttime.
 You had 58 experience points, 22 more were needed to attain level 4.

Basics:
 You had 0 out of 24 hit points.
 You had 8 out of 23 energy points (spell power).
 Your armor class was 9.
 Your wallet contained 322 zorkmids.
 Autopickup was off.

Final Characteristics:
 Your strength was 10 (limit:18).
 Your dexterity was 11 (limit:18).
 Your constitution was 16 (limit:16).
 Your intelligence was 19 (limit:20).
 Your wisdom was 13 (limit:20).
 Your charisma was 11 (limit:18).

Final Status:
 You weren't hungry.
 You were unencumbered.
 You were wielding a quarterstaff.
 You had basic skill with quarterstaff.

Final Attributes:
 You were devoutly aligned.
 You were magic-protected.
 You had infravision.
 You were warded.
 You are dead.

Miscellaneous:
 You didn't encounter any bones levels.
 Total elapsed playing time was 8 minutes and 11 seconds.

Major events:
 Turn
    1: IanCurtis the chaotic male elven Wizard entered the dungeon
 1271: attained the rank of Conjurer (level 3)
 1312: entered the Gnomish Mines
 1324: killed by a dwarf king

Spells:
 Name                 Level Category     Fail Retention
 force bolt             1   attack         0%  91%-100%
 slow monster           2   enchantment    0%  91%-100%
 wizard lock            2   matter        35%  76%-100%
 create monster         2   clerical      35%  76%-100%
 healing                1   healing        0%  76%-100%
 detect monsters        1   divination     0%  76%-100%

Skills:
 Fighting Skills
   bare handed combat [Unskilled]
   riding             [Unskilled]
 Weapon Skills
   dagger             [Unskilled]
   knife              [Unskilled]
   axe                [Unskilled]
   short sword        [Unskilled]
   club               [Unskilled]
   mace               [Unskilled]
   quarterstaff       [Basic]
   polearms           [Unskilled]
   spear              [Unskilled]
   trident            [Unskilled]
   sling              [Unskilled]
   dart               [Unskilled]
   shuriken           [Unskilled]
 Spellcasting Skills
   attack spells      [Basic]
   healing spells     [Unskilled]
   divination spells  [Unskilled]
   enchantment spells [Basic]
   clerical spells    [Unskilled]
   escape spells      [Unskilled]
   matter spells      [Unskilled]

Voluntary challenges:
 Character rerolling was not enabled.
 You never genocided any monsters.
 You never polymorphed an object.
 You never changed form.
 You used no wishes.
Achievements:
 You attained the rank of Conjurer.
 You entered the Gnomish Mines.

 The Dungeons of Doom: levels 1 to 3
    Level 1:
    Level 2: "vault"
       A sink.
    Level 3: "closed shop"
       A fountain.
       Stairs down to The Gnomish Mines.
 The Gnomish Mines:
    Level 4: <- You were here.
       Final resting place for
          you, killed by a dwarf king.


Vanquished creatures:
  a shrieker
  a dwarf
  2 coyotes
  a gnome
  2 geckos
  2 jackals
  2 foxes
  a kobold
  4 sewer rats
  5 grid bugs
  3 lichens
  8 newts
32 creatures vanquished.

No species were genocided or became extinct.

Game over:
                       ----------
                      /          \
                     /    REST    \
                    /      IN      \
                   /     PEACE      \
                  /                  \
                  |    IanCurtis     |
                  |      322 Au      |
                  |   killed by a    |
                  |    dwarf king    |
                  |                  |
                  |                  |
                  |       2026       |
                 *|     *  *  *      | *
        _________)/\\_//(\/(/\)/\//\/|_)_______

Goodbye IanCurtis the Wizard...

You died in The Gnomish Mines on dungeon level 4 with 672 points,
and 322 pieces of gold, after 1324 moves.
You were level 3 with a maximum of 24 hit points when you died.

